 Dungeon Crawl Stone Soup version 0.23.2-1-ga50397a (webtiles) character file.

Game seed: 8623325585186592794

345 xveg the Chiller (level 6, -2/30 HPs)
             Began as a Vine Stalker Ice Elementalist on May 7, 2019.
             Was an Initiate of Makhleb.
             Slain by a worker ant (4 damage)
             ... on level 4 of the Dungeon.
             The game lasted 00:20:23 (2671 turns).

xveg the Chiller (Vine Stalker Ice Elementalist)    Turns: 2671, Time: 00:20:26

Health: -2/30      AC:  3    Str: 11    XL:     6   Next: 58%
Magic:  0/13       EV: 12    Int: 17    God:    Makhleb [......]
Gold:   121        SH:  0    Dex: 14    Spells: 12/13 levels left

rFire    . . .     SeeInvis .   y - +3 quarterstaff (chaos)
rCold    . . .     Gourm    .   (shield currently unavailable)
rNeg     . . .     Faith    .   x - +0 robe
rPois    .         Spirit   +   n - +0 helmet
rElec    .         Reflect  .   l - scarf {Spirit}
rCorr    .         Harm     .   (no gloves)
MR       .....                  (no boots)
Stlth    ++........             (no amulet)
HPRegen  0.50/turn              (no ring)
MPRegen  0.13/turn              (no ring)

@: lethally poisoned (-2 -> -10)
A: fangs 2, regeneration 1, magic shield, antimagic bite, no potion heal 3, rot
immunity
a: Renounce Religion


You were on level 4 of the Dungeon.
You worshipped Makhleb.
Makhleb was noncommittal.
You were not hungry.

You visited 1 branch of the dungeon, and saw 4 of its levels.

You collected 121 gold pieces.

Inventory:

Hand Weapons
 g - a +0 whip
 j - a +0 dagger of venom
 k - a +0 hunting sling
 u - a +2 whip of holy wrath
 y - a +3 quarterstaff of chaos (weapon)
Missiles
 d - 118 stones (quivered)
 s - 11 sling bullets
Armour
 a - a +0 robe
 l - a scarf of spirit shield (worn)
 n - a +0 helmet (worn)
 x - a +0 robe (worn)
Wands
 m - a wand of clouds (4)
 o - a wand of flame (6)
Scrolls
 f - 2 scrolls of remove curse
 h - a scroll of teleportation {unknown}
 i - a scroll of blinking {unknown}
 r - a scroll of identify
 t - a scroll of enchant armour {unknown}
 v - a scroll of fog {unknown}
 w - a scroll of enchant weapon {unknown}
Potions
 b - 2 potions of lignification {unknown}
 e - a potion of resistance {unknown}
 p - a potion of flight {unknown}
 q - a potion of haste {unknown}
Comestibles
 c - 3 rations


   Skills:
 + Level 1.3 Fighting
 + Level 1.2 Maces & Flails
 + Level 1.2(1.7) Slings
 + Level 1.7(2.0) Throwing
 + Level 1.9 Dodging
 + Level 2.5 Stealth
 + Level 0.2 Unarmed Combat
 + Level 4.1 Spellcasting
   Level 1.0 Conjurations
 + Level 4.1 Ice Magic
 + Level 1.1 Evocations


You had 12 spell levels left.
You knew the following spells:

 Your Spells              Type           Power        Failure   Level  Hunger
a - Freeze                Ice            ###.         2%          1    None

Your spell library contained the following spells:

 Spells                   Type           Power        Failure   Level  Hunger
 Throw Frost              Conj/Ice       ##....       9%          2    ##.....
 Ozocubu's Armour         Chrm/Ice       ##......     21%         3    ###....
 Throw Icicle             Conj/Ice       ##......     47%         4    ####...
 Summon Ice Beast         Ice/Summ       ##......     54%         4    ####...


Dungeon Overview and Level Annotations

Branches:
Dungeon (4/15)
 Temple: D:4-7

Altars:
Makhleb
Qazlal
Trog

Shops:
D:4 *


Innate Abilities, Weirdness & Mutations

You have extremely sharp teeth.
Your natural rate of healing is unusually fast.
When hurt, damage is shared between your health and your magic reserves.
Your bite disrupts and absorbs the magic of your enemies.
Potions cannot restore your health.
You are immune to rotting.


Message History

The orc wizard gestures wildly while chanting.
The orc wizard flickers and vanishes!
The orc priest hits you but does no damage.
The worker ant closely misses you. The orc wizard closely misses you.
The orc priest mumbles some strange prayers to Beogh against you.
Beogh smites you!
* * * LOW HITPOINT WARNING * * *
You hit the orc wizard.
You feel better.
You bite the orc wizard.
The orc wizard's magic leaks into the air.
You drain its magic.
You feel invigorated.
The orc wizard is moderately wounded.
You feel sick. The worker ant closely misses you.
The orc wizard falters for a moment.
The orc priest misses you.
You hit the orc wizard. Your bite misses the orc wizard.
The orc wizard is severely wounded.
The orc wizard blinks!
You feel sick. The worker ant bites you.
* * * LOW HITPOINT WARNING * * *
You are more poisoned.
The worker ant poisons you! The worker ant bites you.
You die...

#........#
#.########
#.# #.# #.#
#.# #.#
#.#####
#..oo@#######
#####.ao.....
#{#{###### ##
.# .# .# .#
.. .#


You could see a worker ant, an orc priest and 2 orc wizards.

Vanquished Creatures
  Crazy Yiuf (D:4)
  An orc wizard (D:4)
  3 worker ants (D:4)
  8 adders
  4 gnolls (D:3)
  5 oozes
  3 dart slugs
  4 leopard geckos
  4 orcs (D:4)
  7 giant cockroaches
  11 goblins
  4 hobgoblins
  10 jackals
  5 kobolds
  A ball python (D:1)
  4 bats
  2 frilled lizards
  A quokka skeleton (D:4)
  8 rats
86 creatures vanquished.

Notes
Turn   | Place    | Note
-------+----------+-------------------------------------------
     0 | D:1      | xveg the Vine Stalker Ice Elementalist began the quest for
                  | the Orb.
     0 | D:1      | Reached XP level 1. HP: 9/9 MP: 4/4
   141 | D:1      | Reached XP level 2. HP: 13/13 MP: 1/6
   538 | D:1      | Reached XP level 3. HP: 15/16 MP: 4/8
   954 | D:2      | Reached skill level 1 in Throwing
  1064 | D:2      | Gained mutation: Your natural rate of healing is unusually
                  | fast. [Vine Stalker growth]
  1064 | D:2      | Reached XP level 4. HP: 11/21 MP: 2/9
  1503 | D:2      | You fall through a shaft!
  1562 | D:3      | Reached XP level 5. HP: 5/24 MP: 0/11
  1571 | D:3      | HP: 1/24 [poisoned by an adder]
  1577 | D:3      | HP: 1/24 [poisoned by an adder]
  1953 | D:3      | Found a bloodstained altar of Trog.
  2193 | D:4      | Found Nipicise's General Store.
  2205 | D:4      | Reached skill level 1 in Slings
  2220 | D:4      | Reached skill level 1 in Fighting
  2220 | D:4      | Reached XP level 6. HP: 20/30 MP: 0/12
  2225 | D:4      | Reached skill level 1 in Evocations
  2242 | D:4      | Reached skill level 1 in Maces & Flails
  2360 | D:4      | Found a burning altar of Makhleb.
  2456 | D:4      | Noticed a fire elemental
  2458 | D:4      | Found a stormy altar of Qazlal.
  2471 | D:4      | Became a worshipper of Makhleb the Destroyer
  2487 | D:4      | Noticed a water elemental
  2488 | D:4      | Noticed an air elemental
  2520 | D:4      | Found a runed translucent door.
  2521 | D:4      | Noticed Crazy Yiuf
  2547 | D:4      | Killed Crazy Yiuf
  2671 | D:4      | Slain by a worker ant

Skill      XL: |  1  2  3  4  5  6 |
---------------+-------------------+-----
Spellcasting   | 3 4 |  4.1
Throwing       | 1 |  1.7
Ice Magic      | 4 |  4.1
Slings         | 1 |  1.2
Fighting       | 1 |  1.3
Evocations     | 1 |  1.1
Maces & Flails | 1 |  1.2
Dodging        | |  1.9
Stealth        | |  2.5
Unarmed Combat | |  0.2
Conjurations   | |  1.0

Action                   |  1- 3 |  4- 6 || total
-------------------------+-------+-------++-------
Melee: Unarmed           |    19 |       ||    19
       Bite              |     5 |     8 ||    13
       Whip              |     5 |    24 ||    29
       Quarterstaff      |       |     5 ||     5
 Fire: Hunting sling     |       |    60 ||    60
Throw: Stone             |    63 |    34 ||    97
 Cast: Freeze            |    35 |    59 ||    94
Evoke: Wand              |       |    18 ||    18
  Use: Scroll            |       |     2 ||     2
  Eat: Chunk             |       |     2 ||     2
       Ration            |       |     1 ||     1
Armor: Robe              |     9 |    15 ||    24
Dodge: Dodged            |    49 |    63 ||   112
